PAAA
ATHLETIC CLUB KC RESERVES @ ROYSE CITY TARGARYENS
07/31/2023
 
TOP OF THE 1ST
Athletic Club KC Reserves batting - Pitching for Royse City Targaryens : RHP Stanley Neal
Pitching: RHP Stanley Neal
Batting: LHB Michael Landry 0-0: Ball
1-0: Fly out, F6 (Line Drive, 6)
Batting: RHB Bill Dennis 0-0: DOUBLE (Flyball, 8LD)
Batting: LHB Matt Hartnett 0-0: Foul Ball, location: 2F
0-1: Foul Ball, location: 2F
0-2: Ball
1-2: Ball
2-2: Foul Ball, location: 2F
2-2: SINGLE (Flyball, 9LS)
Bill Dennis to third
Runner from 3rd tries for Home, SAFE, throw made home
Matt Hartnett to second
Batting: LHB Thatcher Douglas 0-0: DOUBLE (Line Drive, 89S)
Matt Hartnett scores
Batting: RHB Robert Hill 0-0: Swinging Strike
0-1: Called Strike
0-2: Ball
1-2: Foul Ball, location: 2F
1-2: Strikes out looking
Batting: RHB Glenn Woods 0-0: Called Strike
0-1: Called Strike
0-2: Foul Ball, location: 2F
0-2: Fly out, F8 (Flyball, 8LM)
Top of the 1st over - 2 run(s), 3 hit(s), 0 error(s), 1 left on base; Athletic Club KC 2 - Royse City 0
BOTTOM OF THE 1ST
Royse City Targaryens batting - Pitching for Athletic Club KC Reserves : RHP Norris Howard
Pitching: RHP Norris Howard
Batting: LHB Eduardo Álvarez 0-0: Ground out 3-1 (Groundball, 34)
Batting: LHB Carlos Álvarez 0-0: Ball
1-0: Foul Ball, location: 2F
1-1: Ball
2-1: Ground out 4-3 (Groundball, 4M)
Batting: RHB Javier Chávez 0-0: Ball
1-0: Ball
2-0: Called Strike
2-1: Called Strike
2-2: Foul Ball, location: 2F
2-2: Foul Ball, location: 2F
2-2: Ball
3-2: Ground out 6-3 (Groundball, 6)
Bottom of the 1st over - 0 run(s), 0 hit(s), 0 error(s), 0 left on base; Athletic Club KC 2 - Royse City 0
TOP OF THE 2ND
Athletic Club KC Reserves batting - Pitching for Royse City Targaryens : RHP Stanley Neal
Batting: RHB John Williams 0-0: Called Strike
Single, Error in OF, E8, batter to second base
Batting: RHB Javier Díaz 0-0: Called Strike
0-1: SINGLE (Groundball, 56)
John Williams to third
Batting: LHB Eduardo López 0-0: Ball
1-0: Swinging Strike
1-1: Foul Ball, location: 2F
1-2: Ball
2-2: Strikes out looking
Batting: LHB Michael Landry 0-0: Called Strike
Javier Díaz steals 2nd base
0-1: Ball
1-1: Foul Ball, location: 2F
1-2: SINGLE (Flyball, 7S)
John Williams scores
Javier Díaz to third
Runner from 3rd tries for Home, throw and OUT!
Michael Landry to second
Batting: RHB Bill Dennis 0-0: SINGLE (Groundball, 6S)
Michael Landry to third
Runner from 3rd tries for Home, SAFE, no throw or cutoff
Batting: LHB Matt Hartnett 0-0: Ball
1-0: Ball
2-0: Ground out 5-3 (Groundball, 56)
Top of the 2nd over - 2 run(s), 4 hit(s), 1 error(s), 1 left on base; Athletic Club KC 4 - Royse City 0
BOTTOM OF THE 2ND
Royse City Targaryens batting - Pitching for Athletic Club KC Reserves : RHP Norris Howard
Batting: RHB Bartolo Martínez 0-0: Fly out, F6 (Popup, 6MD)
Batting: RHB Héctor Ruíz 0-0: Called Strike
0-1: Called Strike
0-2: Ball
1-2: Ball
2-2: Ball
3-2: Base on Balls
Batting: LHB Carl Duncan 0-0: Called Strike
Héctor Ruíz is caught stealing 2nd base
0-1: SINGLE (Flyball, 8RS)
Batting: RHB Andrew Weeks 0-0: Ball
1-0: Called Strike
1-1: Ball
2-1: Swinging Strike
2-2: Ball
3-2: Strikes out swinging
Bottom of the 2nd over - 0 run(s), 1 hit(s), 0 error(s), 1 left on base; Athletic Club KC 4 - Royse City 0
TOP OF THE 3RD
Athletic Club KC Reserves batting - Pitching for Royse City Targaryens : RHP Stanley Neal
Batting: LHB Thatcher Douglas 0-0: Ball
1-0: Foul Ball, location: 2F
1-1: Called Strike
1-2: Strikes out swinging
Batting: RHB Robert Hill 0-0: Called Strike
0-1: SINGLE (Groundball, 6MD)
Batting: RHB Glenn Woods 0-0: Ball
1-0: Ball
2-0: Ball
3-0: Base on Balls
Robert Hill to second
Batting: RHB John Williams 0-0: Called Strike
0-1: Grounds into double play, 4-6-3 (Groundball, 4)
Top of the 3rd over - 0 run(s), 1 hit(s), 0 error(s), 1 left on base; Athletic Club KC 4 - Royse City 0
BOTTOM OF THE 3RD
Royse City Targaryens batting - Pitching for Athletic Club KC Reserves : RHP Norris Howard
Batting: RHB José Cruz 0-0: Ball
1-0: Ground out 5-3 (Groundball, 5)
Batting: RHB Sancho Balderas 0-0: Swinging Strike
0-1: Ground out 6-3 (Groundball, 6M)
Batting: LHB Eduardo Álvarez 0-0: Called Strike
0-1: Ball
1-1: Swinging Strike
1-2: Ground out 4-3 (Groundball, 4)
Bottom of the 3rd over - 0 run(s), 0 hit(s), 0 error(s), 0 left on base; Athletic Club KC 4 - Royse City 0
TOP OF THE 4TH
Athletic Club KC Reserves batting - Pitching for Royse City Targaryens : RHP Stanley Neal
Pitching: LHP Roberto Aguirre
Batting: RHB Javier Díaz 0-0: Ball
1-0: Foul Ball, location: 2F
1-1: Foul Ball, location: 2F
1-2: SOLO HOME RUN (Flyball, 78XD), Distance : 406 ft
Batting: LHB Eduardo López 0-0: Foul Ball, location: 2F
0-1: SINGLE (Groundball, 34D)
Batting: LHB Michael Landry 0-0: Ball
1-0: Called Strike
1-1: Swinging Strike
1-2: Fielders Choice at 2nd, 3-6 (Groundball, 3)
Batting: RHB Bill Dennis 0-0: Ball
Michael Landry steals 2nd base
1-0: Ball
2-0: DOUBLE (Flyball, 89XD)
Michael Landry scores
Batting: LHB Matt Hartnett 0-0: Swinging Strike
0-1: Ball
1-1: DOUBLE (Flyball, 89D)
Bill Dennis scores
Batting: LHB Thatcher Douglas 0-0: Ball
1-0: Ball
2-0: Called Strike
2-1: Ball
3-1: Base on Balls
Batting: RHB Robert Hill 0-0: Ball
Matt Hartnett is caught stealing 3rd base
Thatcher Douglas to second
1-0: Foul Ball, location: 2F
1-1: Called Strike
1-2: Fly out, F9 (Flyball, 89M)
Top of the 4th over - 3 run(s), 4 hit(s), 0 error(s), 1 left on base; Athletic Club KC 7 - Royse City 0
BOTTOM OF THE 4TH
Royse City Targaryens batting - Pitching for Athletic Club KC Reserves : RHP Norris Howard
Batting: LHB Carlos Álvarez 0-0: Called Strike
0-1: Ball
1-1: Foul Ball, location: 2F
1-2: Fly out, F3 (Popup, 3F)
Batting: RHB Javier Chávez 0-0: Ball
1-0: Ball
2-0: SINGLE (Groundball, 34D)
Batting: RHB Bartolo Martínez 0-0: Ball
1-0: Foul Ball, location: 2F
1-1: Called Strike
1-2: Foul Ball, location: 2F
1-2: 2-RUN HOME RUN (Flyball, 7D), Distance : 389 ft
Batting: RHB Héctor Ruíz 0-0: SINGLE (Groundball, 6M)
Batting: LHB Carl Duncan 0-0: Ball
Throwing error on steal attempt, E2
Héctor Ruíz to third
1-0: Ball
2-0: Called Strike
2-1: Called Strike
2-2: SINGLE (Groundball, 4MD)
Héctor Ruíz scores
Batting: RHB Andrew Weeks 0-0: Ball
1-0: SINGLE (Groundball, 4MD)
Carl Duncan to second
Batting: RHB José Cruz 0-0: Called Strike
0-1: Reached on error, E1 (Groundball, 15S)
Carl Duncan to third
Andrew Weeks to second
Batting: RHB Sancho Balderas 0-0: Foul Ball, location: 2F
0-1: Foul Ball, location: 2F
0-2: Foul Ball, location: 2F
0-2: Ball
1-2: SINGLE (Groundball, 56D) (infield hit)
Carl Duncan scores
Andrew Weeks to third
José Cruz to second
Batting: LHB Eduardo Álvarez 0-0: Ball
1-0: Ball
2-0: Ball
3-0: Called Strike
3-1: Base on Balls
Andrew Weeks scores
José Cruz to third
Sancho Balderas to second
Batting: LHB Carlos Álvarez 0-0: Ball
1-0: Ball
2-0: Ball
3-0: Foul Ball, location: 2F
3-1: SINGLE (Line Drive, 6MD)
José Cruz scores
Sancho Balderas to third
Eduardo Álvarez to second
Runner from 3rd tries for Home, throw and OUT!
Pitching: RHP Jesús Hernández
Batting: RHB Javier Chávez 0-0: Ball
1-0: Ball
2-0: Called Strike
2-1: Ground out 4-3 (Groundball, 4)
Bottom of the 4th over - 6 run(s), 7 hit(s), 2 error(s), 2 left on base; Athletic Club KC 7 - Royse City 6
TOP OF THE 5TH
Athletic Club KC Reserves batting - Pitching for Royse City Targaryens : LHP Roberto Aguirre
Batting: RHB Glenn Woods 0-0: Called Strike
0-1: Ball
1-1: Called Strike
1-2: Ground out 6-3 (Groundball, 6)
Batting: RHB John Williams 0-0: Swinging Strike
0-1: Ball
1-1: Foul Ball, location: 2F
1-2: Ball
2-2: Strikes out swinging
Batting: RHB Javier Díaz 0-0: Ball
1-0: Foul Ball, location: 2F
1-1: Ball
2-1: Ball
3-1: DOUBLE (Line Drive, 7LM)
Pitching: LHP Manuel Franco
Batting: LHB Eduardo López 0-0: Ball
1-0: 2-RUN HOME RUN (Flyball, 89XD), Distance : 380 ft
Batting: LHB Michael Landry 0-0: Swinging Strike
0-1: Foul Ball, location: 2F
0-2: Foul Ball, location: 2F
0-2: Strikes out looking
Top of the 5th over - 2 run(s), 2 hit(s), 0 error(s), 0 left on base; Athletic Club KC 9 - Royse City 6
BOTTOM OF THE 5TH
Royse City Targaryens batting - Pitching for Athletic Club KC Reserves : RHP Jesús Hernández
Batting: RHB Bartolo Martínez 0-0: Fly out, F9 (Flyball, 89M)
Batting: RHB Héctor Ruíz 0-0: Called Strike
0-1: Ball
1-1: Fly out, F9 (Line Drive, 9LM)
Batting: LHB Carl Duncan 0-0: Ball
1-0: Ball
2-0: Ball
3-0: Base on Balls
Batting: RHB Andrew Weeks 0-0: Foul Ball, location: 2F
0-1: SINGLE (Groundball, 4)
Carl Duncan to second
Runner from 2nd tries for 3rd, SAFE, throw made to third
Batting: RHB José Cruz 0-0: Ball
1-0: Ball
2-0: Foul Ball, location: 2F
2-1: Swinging Strike
2-2: Foul Ball, location: 2F
2-2: Foul Ball, location: 2F
2-2: Foul Ball, location: 2F
Reached via error on a dropped throw, E1
Carl Duncan scores
Andrew Weeks to second
Batting: RHB Sancho Balderas 0-0: Called Strike
0-1: Ball
1-1: Foul Ball, location: 2F
1-2: Foul Ball, location: 2F
1-2: SINGLE (Flyball, 78S)
Andrew Weeks to third
José Cruz to second
Runner from 3rd tries for Home, SAFE, no throw or cutoff
Batting: LHB Eduardo Álvarez 0-0: Swinging Strike
0-1: Ball
1-1: Foul Ball, location: 2F
1-2: Fly out, F8 (Flyball, 8LXD)
Bottom of the 5th over - 2 run(s), 2 hit(s), 1 error(s), 2 left on base; Athletic Club KC 9 - Royse City 8
TOP OF THE 6TH
Athletic Club KC Reserves batting - Pitching for Royse City Targaryens : LHP Manuel Franco
Batting: RHB Bill Dennis 0-0: Foul Ball, location: 2F
0-1: Called Strike
0-2: Ball
1-2: Fly out, F4 (Line Drive, 4M)
Batting: LHB Matt Hartnett 0-0: Ball
1-0: Foul Ball, location: 2F
1-1: Foul Ball, location: 2F
1-2: Ball
2-2: Strikes out swinging
Batting: LHB Thatcher Douglas 0-0: Called Strike
0-1: Ball
1-1: Ball
2-1: SINGLE (Line Drive, 7LS)
Batting: RHB Robert Hill 0-0: Ball
1-0: Ground out 5-3 (Groundball, 5)
Top of the 6th over - 0 run(s), 1 hit(s), 0 error(s), 1 left on base; Athletic Club KC 9 - Royse City 8
BOTTOM OF THE 6TH
Royse City Targaryens batting - Pitching for Athletic Club KC Reserves : RHP Jesús Hernández
Batting: LHB Carlos Álvarez 0-0: Ball
1-0: Ball
2-0: Ball
3-0: Base on Balls
Batting: RHB Javier Chávez 0-0: Called Strike
0-1: Ball
1-1: Foul Ball, location: 2F
1-2: SINGLE (Line Drive, 56D)
Carlos Álvarez to second
Batting: RHB Bartolo Martínez 0-0: Ball
1-0: Foul Ball, location: 2F
1-1: Ball
2-1: Swinging Strike
2-2: Ball
3-2: Grounds into double play, 1-6-3 (Groundball, 13)
Carlos Álvarez to third
Pitching: LHP John McCord
Batting: RHB Héctor Ruíz 0-0: Swinging Strike
0-1: Ball
Balk!
Carlos Álvarez scores
1-1: Swinging Strike
1-2: Foul Ball, location: 2F
1-2: Strikes out swinging
Bottom of the 6th over - 1 run(s), 1 hit(s), 0 error(s), 0 left on base; Athletic Club KC 9 - Royse City 9
TOP OF THE 7TH
Athletic Club KC Reserves batting - Pitching for Royse City Targaryens : LHP Manuel Franco
Batting: RHB Glenn Woods 0-0: Ball
1-0: Foul Ball, location: 2F
1-1: Swinging Strike
1-2: Ball
2-2: Strikes out swinging
Batting: RHB John Williams 0-0: Ball
1-0: Fly out, F7 (Line Drive, 7S)
Batting: RHB Javier Díaz 0-0: Called Strike
0-1: Ball
1-1: Hit by Pitch
Pinch Hitting: RHB José Rodríguez 0-0: Called Strike
0-1: Ball
1-1: Ball
2-1: Ball
3-1: Foul Ball, location: 2F
3-2: DOUBLE (Flyball, 7D)
Javier Díaz to third
Javier Díaz scores
Pitching: RHP Tom Rosas
Pinch Hitting: LHB Rafael García 0-0: Called Strike
0-1: Called Strike
0-2: Ball
1-2: Ball
2-2: SINGLE (Groundball, 4M)
José Rodríguez to third
Batting: RHB Bill Dennis 0-0: Ball
Wild Pitch!
José Rodríguez scores
Rafael García to second
1-0: Called Strike
1-1: Swinging Strike
1-2: Foul Ball, location: 2F
1-2: SINGLE (Flyball, 8RS)
Rafael García to third
Runner from 3rd tries for Home, SAFE, no throw or cutoff
Batting: LHB Matt Hartnett 0-0: Ball
1-0: Ball
2-0: Called Strike
2-1: Ball
3-1: Base on Balls
Bill Dennis to second
Batting: LHB Thatcher Douglas 0-0: SINGLE (Groundball, 34D)
Bill Dennis to third
Matt Hartnett to second
Runner from 3rd tries for Home, throw and OUT!
Top of the 7th over - 3 run(s), 4 hit(s), 0 error(s), 2 left on base; Athletic Club KC 12 - Royse City 9
BOTTOM OF THE 7TH
Royse City Targaryens batting - Pitching for Athletic Club KC Reserves : LHP John McCord
Now at 1B: Rafael García
Now in RF: Don Holmes
Batting: LHB Carl Duncan 0-0: Ball
1-0: Ball
2-0: Ball
3-0: Base on Balls
Batting: RHB Andrew Weeks 0-0: Called Strike
0-1: Swinging Strike
0-2: Ball
1-2: Strikes out swinging
Batting: RHB José Cruz 0-0: Ball
1-0: Ball
2-0: SINGLE (Flyball, 4D)
Carl Duncan to second
Batting: RHB Sancho Balderas 0-0: Called Strike
0-1: Ground out 3-1 (Groundball, 34S)
Carl Duncan to third
José Cruz to second
Batting: LHB Eduardo Álvarez 0-0: Ball
1-0: Called Strike
1-1: SINGLE (Line Drive, 8LS)
Carl Duncan scores
José Cruz to third
Runner from 3rd tries for Home, SAFE, no throw or cutoff
Pinch Hitting: RHB Chae-hyeong Kim 0-0: Called Strike
0-1: Ball
1-1: Ball
2-1: Foul Ball, location: 2F
2-2: Ball
Wild Pitch!
Eduardo Álvarez to second
3-2: SINGLE (Line Drive, 6MD)
Eduardo Álvarez to third
Eduardo Álvarez scores
Pitching: RHP Craig Evans
Pinch Hitting: LHB Sébastien Rolland 0-0: Ball
1-0: Foul Ball, location: 2F
1-1: Foul Ball, location: 2F
1-2: Ball
2-2: Ground out 4-3 (Groundball, 4S)
Bottom of the 7th over - 3 run(s), 3 hit(s), 0 error(s), 1 left on base; Athletic Club KC 12 - Royse City 12
TOP OF THE 8TH
Athletic Club KC Reserves batting - Pitching for Royse City Targaryens : RHP Tom Rosas
Now at 1B: Aurelio Aurillo
Now at 2B: Chae-hyeong Kim
Batting: RHB Robert Hill 0-0: Foul Ball, location: 2F
0-1: Ground out 1-3 (Groundball, 13)
Batting: RHB Glenn Woods 0-0: Ball
1-0: Called Strike
1-1: Foul Ball, location: 2F
1-2: Ball
2-2: DOUBLE (Line Drive, 7LM)
Batting: RHB John Williams 0-0: Intentional Walk
Pinch Hitting: RHB Karl Stevens 0-0: Ball
1-0: Ball
2-0: SINGLE (Groundball, 34D)
Glenn Woods to third
John Williams to second
Runner from 3rd tries for Home, SAFE, throw made home
John Williams to third
Karl Stevens to second
Batting: SHB Don Holmes 0-0: Ball
1-0: Foul Ball, location: 2F
1-1: Swinging Strike
1-2: Ball
2-2: Ball
Wild Pitch!
John Williams scores
Karl Stevens to third
3-2: SINGLE (Line Drive, 34D)
Karl Stevens scores
Pitching: RHP Jim Price
Batting: LHB Rafael García 0-0: Swinging Strike
0-1: Swinging Strike
0-2: Ball
1-2: Ball
2-2: DOUBLE (Line Drive, 8RS)
Don Holmes to third
Runner from 3rd tries for Home, SAFE, no throw or cutoff
Batting: RHB Bill Dennis 0-0: Foul Ball, location: 2F
0-1: Ball
1-1: Ball
2-1: DOUBLE (Line Drive, 5L)
Rafael García scores
Batting: LHB Matt Hartnett 0-0: Ball
1-0: SINGLE (Popup, 8RS)
Bill Dennis to third
Runner from 3rd tries for Home, SAFE, no throw or cutoff
Batting: LHB Thatcher Douglas 0-0: Ball
1-0: Called Strike
1-1: Fly out, F8 (Flyball, 8RD)
Batting: RHB Robert Hill 0-0: Ball
1-0: Foul Ball, location: 2F
1-1: Foul Ball, location: 2F
1-2: Foul Ball, location: 2F
1-2: Strikes out swinging
Top of the 8th over - 6 run(s), 6 hit(s), 0 error(s), 1 left on base; Athletic Club KC 18 - Royse City 12
BOTTOM OF THE 8TH
Royse City Targaryens batting - Pitching for Athletic Club KC Reserves : RHP Craig Evans
Now at 2B: Karl Stevens
Batting: RHB Bartolo Martínez 0-0: Ball
1-0: Ball
2-0: Ground out 6-3 (Groundball, 6)
Batting: RHB Héctor Ruíz 0-0: Swinging Strike
0-1: Ball
1-1: Ground out 5-3 (Groundball, 56)
Batting: LHB Carl Duncan 0-0: Ball
1-0: Ball
2-0: Called Strike
2-1: Swinging Strike
2-2: DOUBLE (Line Drive, 3L)
Batting: RHB Andrew Weeks 0-0: Foul Ball, location: 2F
0-1: Ground out 3-1 (Groundball, 34)
Bottom of the 8th over - 0 run(s), 1 hit(s), 0 error(s), 1 left on base; Athletic Club KC 18 - Royse City 12
TOP OF THE 9TH
Athletic Club KC Reserves batting - Pitching for Royse City Targaryens : RHP Jim Price
Batting: RHB Glenn Woods 0-0: Foul Ball, location: 2F
0-1: Ball
1-1: Called Strike
1-2: Foul Ball, location: 2F
1-2: Strikes out swinging
Batting: RHB John Williams 0-0: Called Strike
0-1: Ball
1-1: Ball
2-1: SINGLE (Line Drive, 7S)
Batting: RHB Karl Stevens 0-0: Ball
1-0: Grounds into double play, 5-4-3 (Groundball, 5L)
Top of the 9th over - 0 run(s), 1 hit(s), 0 error(s), 0 left on base; Athletic Club KC 18 - Royse City 12
BOTTOM OF THE 9TH
Royse City Targaryens batting - Pitching for Athletic Club KC Reserves : RHP Craig Evans
Batting: RHB José Cruz 0-0: Ball
1-0: Called Strike
1-1: Ball
2-1: Ground out 6-3 (Groundball, 6)
Batting: RHB Sancho Balderas 0-0: Foul Ball, location: 2F
0-1: Ball
1-1: Ball
2-1: Ball
3-1: Base on Balls
Batting: LHB Eduardo Álvarez 0-0: Foul Ball, location: 2F
0-1: Ball
1-1: Ball
2-1: Ball
3-1: Base on Balls
Sancho Balderas to second
Batting: RHB Chae-hyeong Kim 0-0: Foul Ball, location: 2F
0-1: Ball
1-1: Ball
2-1: Fly out, F9 (Line Drive, 89M)
Batting: LHB Aurelio Aurillo 0-0: Called Strike
Single, Error in OF, E9, batter to second base
Sancho Balderas scores
Eduardo Álvarez to third
Batting: RHB Bartolo Martínez 0-0: Called Strike
0-1: Fly out, F7 (Line Drive, 78M)
Bottom of the 9th over - 1 run(s), 1 hit(s), 1 error(s), 2 left on base; Athletic Club KC 18 - Royse City 13
This league is powered by Out of the Park Baseball, the baseball management simulation game for PC, Mac and Linux
Friday, July 8th, 2016 - OOTP Baseball 16.9 Build 39